 Dungeon Crawl Stone Soup version 0.19.0-16-g73b5abf (webtiles) character file.

623 Jerry the Slasher (level 7, -1/56 HPs)
             Began as a Minotaur Gladiator on Nov 11, 2016.
             Slain by Pikel
             ... wielding a +1 whip of electrocution
              (20 damage)
             ... on level 4 of the Dungeon.
             The game lasted 00:09:27 (3372 turns).

Jerry the Slasher (Minotaur Gladiator)              Turns: 3372, Time: 00:09:28

Health: -1/56      AC:  9    Str: 20    XL:     7   Next: 22%
Magic:  6/6        EV: 13    Int:  5    God:
Gold:   240        SH:  0    Dex: 12    Spells: 0 memorised, 6 levels left

rFire  . . .     SeeInvis .     A - +0 long sword
rCold  . . .     Gourm    .     z - +0 scale mail
rNeg   . . .     Faith    .     (no shield)
rPois  .         Spirit   .     c - +0 hat
rElec  .         Reflect  .     e - +0 cloak
rCorr  .         Harm     .     (no gloves)
MR     .....                    y - +0 pair of boots
Stlth  ..........               (no amulet)
                                (no ring)
                                u - ring of wizardry

@: very slightly contaminated, hasted, very quick
A: retaliatory headbutt, horns 2
a: no special abilities


You were on level 4 of the Dungeon.
You were not hungry.

You visited 1 branch of the dungeon, and saw 4 of its levels.

You collected 240 gold pieces.

Inventory:

Hand Weapons
 a - a +0 long sword
 A - a +0 long sword (weapon)
Missiles
 d - 3 throwing nets (quivered)
Armour
 b - a +0 leather armour
 c - a +0 hat (worn)
 e - a +0 cloak (worn)
 y - a +0 pair of boots (worn)
 z - a +0 scale mail (worn)
Jewellery
 u - a ring of wizardry (left hand)
Scrolls
 g - 2 scrolls of noise {unknown}
 h - 2 scrolls of identify {unknown}
 j - 3 scrolls of immolation {unknown}
 m - a scroll of fear {unknown}
 s - a scroll of enchant weapon {unknown}
 v - 4 scrolls of remove curse {unknown}
Potions
 n - a potion of cancellation
 o - 4 potions of curing
 p - a potion of beneficial mutation {unknown}
 r - a potion of berserk rage {unknown}
 t - a potion of lignification {unknown}
 w - a potion of degeneration {unknown}
 x - a potion of brilliance {unknown}
Comestibles
 f - 3 bread rations
 k - a beef jerky
 l - 4 chunks of flesh
 q - a meat ration


   Skills:
 - Level 2.4 Fighting
 + Level 6.2 Long Blades
 - Level 2.0 Throwing
 + Level 5.2 Armour
 + Level 6.1 Dodging


You had 6 spell levels left.
You didn't know any spells.

Dungeon Overview and Level Annotations

Branches:
Dungeon (4/15)
 Temple: D:4-7

Altars:
Gozag
Okawaru
Sif Muna
Xom

Annotations:
D:4 Pikel


Innate Abilities, Weirdness & Mutations

You reflexively headbutt those who attack you in melee.
You have a pair of horns on your head.


Message History

You are very lightly contaminated with residual magic.
The slave shouts!
There is an open door here.
You hit Pikel. Your headbutt misses Pikel.
Pikel is lightly wounded.
Pikel drinks a potion.
Pikel flickers and vanishes!
Deactivating autopickup; reactivate with Ctrl-A.
You miss something. Something hits you but does no damage.
A slave comes into view.
You miss something. Your headbutt misses something. You closely miss something.
Something hits you.
You are electrocuted!
You hit something but do no damage. Something hits you but does no damage.
You miss something. Something hits you.
You barely miss something. You hit something. You headbutt something.
Something hits you but does no damage.
You barely miss something. Something hits you.
You hit something but do no damage. Your headbutt misses something.
Something hits you but does no damage.
You are electrocuted!
You die...

#######
###########.....####
..........'...>.@{p#
###########....รท##p#
.......>###.....##(#
...###.......#####[#
######.......# #[#
............(# #.#
######.......# #.#
...# #.......# #.#
...# #.......# #.#


You could see 2 slaves.

Vanquished Creatures
  2 slaves (D:4)
  2 phantoms (D:4)
  A centaur (D:4)
  3 crimson imps (D:3)
  2 hounds
  An orc priest (D:4)
  2 orc wizards (D:4)
  2 adders
  A shadow imp (D:3)
  A worm (D:3)
  A dart slug (D:2)
  A leopard gecko (D:3)
  7 orcs (D:4)
  7 bats
  6 giant cockroaches
  8 hobgoblins
  9 jackals
  4 quokkas
  8 frilled lizards
  7 goblins
  7 kobolds
  A quokka skeleton (D:4)
  7 rats
  A fungus (D:3)
91 creatures vanquished.

Notes
Turn   | Place    | Note
-------+----------+-------------------------------------------
     0 | D:1      | Jerry the Minotaur Gladiator began the quest for the Orb.
     0 | D:1      | Reached XP level 1. HP: 18/18 MP: 0/0
    75 | D:1      | Reached skill level 1 in Armour
   189 | D:1      | Reached XP level 2. HP: 25/25 MP: 1/1
   805 | D:1      | Reached XP level 3. HP: 27/30 MP: 2/2
  1182 | D:2      | Found an iron altar of Okawaru.
  1752 | D:3      | Reached XP level 4. HP: 37/37 MP: 3/3
  1754 | D:3      | Found a deep blue altar of Sif Muna.
  2170 | D:3      | Found a shimmering altar of Xom.
  2194 | D:3      | Reached XP level 5. HP: 42/42 MP: 4/4
  2368 | D:3      | Reached skill level 5 in Long Blades
  2579 | D:4      | Found an opulent altar of Gozag.
  2666 | D:4      | Reached skill level 5 in Dodging
  2669 | D:4      | HP: 2/42 [orc wizard/dagger (3)]
  2675 | D:4      | Reached XP level 6. HP: 8/50 MP: 5/5
  3185 | D:4      | Reached skill level 5 in Armour
  3185 | D:4      | Reached XP level 7. HP: 54/56 MP: 6/6
  3361 | D:4      | Noticed Pikel
  3372 | D:4      | Slain by Pikel

Skill      XL: |  1  2  3  4  5  6  7 |
---------------+----------------------+-----
Armour         | 1 2 3 4 5 |  5.2
Long Blades    | 4 5 6 |  6.2
Dodging        | 4 5 6 |  6.1
Fighting       | |  2.4
Throwing       | |  2.0

Action                   |  1- 3 |  4- 6 |  7- 9 || total
-------------------------+-------+-------+-------++-------
Melee: Long sword        |    74 |   109 |    33 ||   216
       Headbutt          |    15 |    17 |     6 ||    38
  Use: Potion            |       |     4 |     1 ||     5
  Eat: Chunk             |     3 |     3 |     1 ||     7
       Beef jerky        |       |     1 |       ||     1
Armor: Leather armour    |    19 |    13 |       ||    32
       Scale mail        |       |    22 |    20 ||    42
Dodge: Dodged            |    55 |    74 |     8 ||   137
       Rpst.: Long sword |    16 |    24 |     2 ||    42
